 Dungeon Crawl Stone Soup version 0.30-a0-292-g0f741e3f8e (webtiles) character file.

Game seed: 8920241570503983240

35812 123456 the Earth Mage (level 13, 0/63 HPs)
             Began as a Gargoyle Earth Elementalist on Oct 16, 2022.
             Was an Initiate of Yredelemnul.
             Slain by a red ugly thing (22 damage)
             ... on level 13 of the Dungeon on Oct 17, 2022.
             The game lasted 00:35:51 (20434 turns).

123456 the Earth Mage (GrEE)                       Turns: 20434, Time: 00:35:52

Health: 0/63       AC: 15    Str: 18 (19) XL:     13   Next: 86%
Magic:  38/38      EV: 14    Int: 18      God:    Yredelemnul [......]
Gold:   1047       SH:  0    Dex: 12      Spells: 27/37 levels left

rFire   . . .      SeeInvis .    z - +2 rapier (spect)
rCold   . . .      Faith    +    (no shield)
rNeg    + . .      Spirit   .    a - +1 robe
rPois   ∞          Reflect  .    Q - +0 helmet
rElec   +          Harm     .    s - scarf {repulsion}
rCorr   .          Rampage  .    O - +1 pair of gloves "Gochateu" {rElec Stlth+}
Will    +....      Rage     3%   (no boots)
Stlth   +++++.....               y - amulet of faith
HPRegen 0.30/turn                c - ring of magical power
MPRegen 0.26/turn                q - +6 ring of strength

@: attractive, repel missiles
A: sickness immunity, AC +9, negative energy resistance 1, electricity
resistance, torment resistance 1, petrification resistance, berserk 1,
deterioration 1, strong-willed 1
a: Renounce Religion, Recall Undead Harvest


You were on level 13 of the Dungeon.
You worshipped Yredelemnul.
Yredelemnul was noncommittal.
You visited 3 branches of the dungeon, and saw 18 of its levels.
You also visited: Bailey.

You collected 1208 gold pieces.
You spent 161 gold pieces at shops.

Inventory:

Hand Weapons
 d - a +1 whip of electrocution
 z - a +2 spectral rapier (weapon)
 L - the +2 quarterstaff of the Majestic God {vorpal, rElec rF+ Dex+3}
   (You found it on level 10 of the Dungeon)

   It inflicts extra damage upon your enemies.
   Dex:       It affects your dexterity (+3).
   rF:        It protects you from fire.
   rElec:     It insulates you from electricity.
Missiles
 C - a throwing net
Armour
 a - a +1 robe (worn)
 s - a scarf of repulsion (worn)
 O - the +1 pair of gloves "Gochateu" (worn) {rElec Stlth+}
   (You found it on level 11 of the Dungeon)

   rElec:     It insulates you from electricity.
   Stlth:     It makes you more stealthy.
 Q - a +0 helmet (worn)
Jewellery
 c - a ring of magical power (left hand)
 l - an amulet of guardian spirit
 m - a +4 ring of protection
 q - a +6 ring of strength (right hand)
 y - an amulet of faith (around neck)
 F - a ring of resist corrosion
 J - a ring of protection from cold
 K - a ring of fire
 R - a +6 ring of dexterity
 V - a ring of ice
Wands
 v - a wand of digging (4)
 D - a wand of roots (4)
 H - a wand of paralysis (12)
 I - a wand of flame (4)
 M - a wand of polymorph (15)
 N - a wand of light (16)
 P - a wand of mindburst (11)
Scrolls
 g - 2 scrolls of silence
 h - 3 scrolls of vulnerability
 i - 2 scrolls of amnesia
 j - 2 scrolls of torment
 k - 3 scrolls of magic mapping
 n - 2 scrolls of fear
 t - 4 scrolls of poison
 u - a scroll of immolation
 B - 9 scrolls of teleportation
 E - 2 scrolls of blinking
 G - a scroll of enchant armour
Potions
 b - 2 potions of magic
 f - 2 potions of brilliance
 o - 2 potions of heal wounds
 p - 2 potions of cancellation {unknown}
 r - 4 potions of lignification
 w - a potion of degeneration {unknown}
 x - 2 potions of ambrosia
 A - 4 potions of attraction
 S - a potion of haste {unknown}


   Skills:
 - Level 6.4 Dodging
 - Level 9.3 Stealth
 * Level 12.7 Spellcasting
 + Level 9.8 Conjurations
 - Level 0.7 Transmutations
 * Level 16.2 Earth Magic


You had 27 spell levels left.
You knew the following spells:

 Your Spells              Type           Power      Damage    Failure   Level
a - Sandblast             Erth           100%       2d20      0%          1
b - Stone Arrow           Conj/Erth      100%       3d13      1%          3
c - Iron Shot             Conj/Erth      27%        9d6       4%          6

Your spell library contained the following spells:

 Spells                   Type           Power      Damage    Failure   Level
 Passwall                 Tmut/Erth      34%        N/A       1%          2
 Petrify                  Tmut/Erth      41%        N/A       1%          4
 Hailstorm                Conj/Ice       29%        3d8       2%          3
 Animate Armour           Summ/Erth      80%        N/A       2%          4
 Beastly Appendage        Tmut           28%        N/A       4%          1
 Apportation              Tloc           22%        N/A       6%          1
 Freeze                   Ice            44%        1d6       6%          1
 Necrotise                Necr           44%        1d6       6%          1
 Summon Small Mammal      Summ           44%        N/A       6%          1
 Borgnjor's Vile Clutch   Necr/Erth      20%        N/A       6%          5
 Wereblood                Tmut           14%        N/A       7%          2
 Flame Wave               Conj/Fire      29%        2d9       8%          4
 Sticky Flame             Conj/Fire      29%        2d5       8%          4
 Spider Form              Tmut/Pois      12%        N/A       16%         3
 Frozen Ramparts          Ice            22%        1d4       19%         3
 Inner Flame              Hex/Fire       11%        N/A       19%         3
 Ozocubu's Armour         Ice            11%        N/A       19%         3
 Blade Hands              Tmut           7%         N/A       77%         5
 Alistair's Intoxication  Tmut/Pois      8%         N/A       82%         5
 Metabolic Englaciation   Hex/Ice        5%         N/A       86%         5
 Eringya's Noxious Bog    Tmut/Pois      6%         N/A       100%        6
 Ozocubu's Refrigeration  Ice            5%         4d8       100%        7
 Simulacrum               Ice/Necr       Unusable   N/A       N/A         6

Dungeon Overview and Level Annotations

Branches:
Dungeon (14/15)            Temple (1/1) D:4            Lair (3/5) D:11
 Shoals (0/4) Lair:2          Orc (0/2) D:10         Bailey (visited)
  Snake: Lair:2-3    Spider: Lair:2-3    Vaults: D:13-14

Altars:
Ashenzari
Cheibriados
Dithmenos
Elyvilon
Fedhas
Gozag
Hepliaklqana
Kikubaaqudgha
Makhleb
Nemelex Xobeh
Okawaru
Qazlal
Ru
Sif Muna
Trog
Uskayaw
Vehumet
Wu Jian
Xom
Yredelemnul
Zin
The Shining One

Shops:
D:3 !((*   D:6 (   D:10 ?

Annotations:
D:4 1 runed translucent door, Darkkill's ghost, amateur HuHu


Innate Abilities, Weirdness & Mutations

You are immune to sickness and miasma.
Your stone body is resilient. (AC +9)
You are immune to poison.
You resist negative energy. (rN+)
You are resistant to electric shocks. (rElec)
You are resistant to unholy torment.
You are immune to petrification.
You sometimes lose your temper in combat.
Your body sometimes deteriorates upon taking damage.
You are strong-willed. (Will+)


Message History

Aim: a boulder beetle (severely wounded, 100% to hit)
The iron shot hits the boulder beetle!
The boulder beetle is almost dead.
The boulder beetle bites you but does no damage.
Unknown command.
Aiming: Sandblast (safe; 0% risk of failure)
Press: ? - help, Q - select action, (/) - cycle Shift-Dir - straight line, f/p - boulder beetle
Aim: a boulder beetle (almost dead, 100% to hit)
The blast of sand hits the boulder beetle!
The boulder beetle is almost dead.
The boulder beetle leaps!
The cyan ugly thing basks in the mutagenic energy from its kin and changes!
The red ugly thing basks in the mutagenic energy from its kin and changes!
The red ugly thing basks in the mutagenic energy from its kin and changes!
Found 19 gold pieces.
Found a stone staircase leading up.
The white ugly thing basks in the mutagenic energy from its kin and changes!
The red ugly thing basks in the mutagenic energy from its kin and changes!
There is a stone staircase leading up here.
The red ugly thing basks in the mutagenic energy from its kin and changes!
You climb upwards.
There is a stone staircase leading down here.
You start resting.
Magic restored.
You start waiting.
Done waiting.
You climb downwards.
The red ugly thing claws you!
You are engulfed in flames!!
The red ugly thing completely misses you.
There is a stone staircase leading up here.
The red ugly thing claws you.
You are engulfed in flames!!
* * * LOW HITPOINT WARNING * * *
You climb upwards.
There is a stone staircase leading down here.
It was a potion of attraction.
You feel attractive to monsters. The red ugly thing closely misses you.
It was a potion of heal wounds.
You feel much better. The red ugly thing claws you.
You are engulfed in flames!!
You die...
Your body rises from the dead as a mindless zombie.

#.............#)#.##Z# #.
####..#########.#.##.# #.
######.##### ###.##.# #.
#..........######..##'#######.
####......###.##.##..##..........
..........# #..#.##.###..........
..........# ##......###..........
..........####..................Z
.....#####......@u...............
.....# #.......................
.....# #.......................
###### #.............#'########
#####.........#.# #.........###
#.........#########
#.........'Z.Z.Z[.#
#.........#######.#


You could see a red ugly thing.

Vanquished Creatures
  3 boulder beetles
  An ogre mage (D:10)
  An alligator (Lair:2)
  4 two-headed ogres
  A death yak (Lair:2)
  Urug (Lair:2)
  An orc knight (D:12)
  An ugly thing (D:14)
  An oklob plant (D:11)
  4 elephants (Lair:2)
  A black mamba (Lair:2)
  7 cane toads
  A gargoyle (D:12)
  An unseen horror (D:9)
  A kobold demonologist (D:10)
  A rime drake (Lair:2)
  A komodo dragon (Lair:2)
  3 trolls
  A hornet (Lair:2)
  8 slime creatures
  A snapping turtle (Lair:2)
  9 blink frogs
  A shadow (D:9)
  18 yaks
  A basilisk (shapeshifter) (D:13)
  2 wyverns (D:9)
  2 wraiths
  3 basilisks (Lair:2)
  2 steam dragons
  An acid dragon (D:11)
  5 water moccasins
  15 orc warriors
  A sky beast (D:7)
  3 ice beasts
  3 black bears
  4 ogres
  3 wolves (Lair:1)
  4 centaurs
  3 phantoms
  A kobold brigand (D:8)
  7 bullfrogs
  A necrophage (D:7)
  5 scorpions
  9 wights
  12 killer bees
  2 howler monkeys
  2 electric eels
  2 hounds
  2 jellies
  A gnoll bouda (D:8)
  7 orc priests
  4 iguanas
  13 orc wizards
  A hell rat (Lair:2)
  5 gnolls
  7 adders
  3 white imps
  An ufetubus (D:6)
  4 worms
  A dart slug (D:2)
  64 orcs
  7 ball pythons
  6 endoplasms
  3 giant cockroaches
  11 goblins
  13 hobgoblins
  4 jackals (D:4)
  11 kobolds
  3 quokkas
  8 bats
  2 frilled lizards
  9 rats
355 creatures vanquished.

Vanquished Creatures (collateral kills)
  An anaconda (Lair:2)
  A fire crab (Lair:2)
  A manticore (Lair:2)
  3 slime creatures
  A black mamba (Lair:2)
  A cane toad (Lair:2)
  A torpor snail (Lair:2)
  An unseen horror (D:11)
  A rime drake (Lair:2)
  2 komodo dragons (Lair:2)
  4 blink frogs
  A vampire (D:12)
  7 yaks
  2 wyverns (Lair:2)
  A basilisk (Lair:2)
  A water moccasin (Lair:1)
  An orc warrior (D:12)
  A black bear (Lair:2)
  9 wolves (Lair:1)
  A bullfrog (Lair:2)
  A scorpion (Lair:2)
  A killer bee (D:11)
  2 electric eels (Lair:2)
  2 orc priests
  An iguana (Lair:2)
  5 orcs
53 creatures vanquished.

Vanquished Creatures (others)
  2 boulder beetle zombies (D:11)
  An alligator zombie (Lair:2)
  2 black mamba zombies (Lair:2)
  2 slime creature zombies (D:12)
  A two-headed ogre zombie (D:11)
  A hornet zombie (Lair:2)
  3 cane toad zombies (Lair:2)
  4 blink frog zombies
  3 elephant zombies (Lair:2)
  A rime drake zombie (Lair:2)
  A torpor snail zombie (Lair:2)
  2 komodo dragon zombies (Lair:2)
  2 wyvern zombies
  2 water moccasin zombies (Lair:2)
  3 troll zombies
  8 yak zombies
  A wolf zombie (Lair:1)
  3 bullfrog zombies (Lair:2)
  A centaur zombie (D:10)
  3 basilisk zombies (Lair:2)
  2 black bear zombies (Lair:2)
  2 scorpion zombies (Lair:2)
  7 killer bee zombies
  A spectral electric eel (Lair:2)
  A hell rat zombie (Lair:2)
  25 orc zombies
  15 fungi
  15 plants
  2 withered plants (D:4)
116 creatures vanquished.

Grand Total: 524 creatures vanquished

Notes
Turn   | Place    | Note
-------+----------+-------------------------------------------
     0 | D:1      | 123456 the Gargoyle Earth Elementalist began the quest for
                  | the Orb.
     0 | D:1      | Reached XP level 1. HP: 10/10 MP: 3/3
    84 | D:1      | Reached XP level 2. HP: 15/15 MP: 0/5
   505 | D:1      | Reached skill level 4 in Earth Magic
   591 | D:1      | Reached XP level 3. HP: 19/19 MP: 6/6
  1149 | D:2      | Learned a level 3 spell: Stone Arrow
  1810 | D:3      | Reached XP level 4. HP: 23/24 MP: 8/8
  1954 | D:3      | Found Naecun's Antique Weapon Shop.
  2143 | D:3      | Found Raxus's Distillery.
  2450 | D:3      | Found Teycwah's Assorted Antiques.
  2577 | D:3      | Found Vappieg's Weapon Shoppe.
  2713 | D:3      | Gained mutation: You are partially covered in iridescent
                  | scales. (AC +2) [potion of mutation]
  2713 | D:3      | Gained mutation: You possess an exceptional clarity of
                  | mind. [potion of mutation]
  2738 | D:3      | Bought a glowing rapier for 161 gold pieces
  2896 | D:4      | Noticed a phantom
  2904 | D:4      | Killed a phantom
  2905 | D:4      | Reached skill level 5 in Earth Magic
  2905 | D:4      | Reached XP level 5. HP: 26/28 MP: 2/9
  3032 | D:4      | Found a runed translucent door.
  3036 | D:4      | Noticed Darkkill's ghost (amateur HuHu)
  3118 | D:4      | Lost mutation: You possess an exceptional clarity of mind.
                  | [potion of mutation]
  3118 | D:4      | Lost mutation: You are partially covered in iridescent
                  | scales. (AC +2) [potion of mutation]
  3118 | D:4      | Gained mutation: Your large and strong wings let you fly.
                  | [potion of mutation]
  3118 | D:4      | Gained mutation: Your mind is acute. (Int +4, Str/Dex -1)
                  | [potion of mutation]
  3180 | D:4      | Reached XP level 6. HP: 31/32 MP: 11/11
  3745 | D:4      | Found a hazy altar of Hepliaklqana.
  3925 | D:4      | Found a staircase to the Ecumenical Temple.
  3931 | Temple   | Entered the Ecumenical Temple
  4161 | D:4      | Reached XP level 7. HP: 35/36 MP: 13/13
  4763 | D:5      | Entered Level 5 of the Dungeon
  4787 | D:5      | Reached skill level 6 in Earth Magic
  5308 | D:5      | Reached skill level 5 in Spellcasting
  5359 | D:5      | Reached skill level 7 in Earth Magic
  5359 | D:5      | Reached XP level 8. HP: 41/41 MP: 15/15
  6019 | D:6      | Found Eli Ozet's Antique Weapon Boutique.
  6022 | D:6      | Reached skill level 5 in Stealth
  6157 | D:6      | Reached skill level 1 in Conjurations
  6452 | D:6      | Reached skill level 8 in Earth Magic
  6638 | D:6      | Reached XP level 9. HP: 44/45 MP: 17/18
  6988 | D:6      | Lost mutation: Your mind is acute. (Int +4, Str/Dex -1)
                  | [potion of mutation]
  6988 | D:6      | Lost mutation: Your large and strong wings let you fly.
                  | [potion of mutation]
  6988 | D:6      | Gained mutation: You occasionally lose the ability to read
                  | scrolls when taking damage. [potion of mutation]
  6988 | D:6      | Gained mutation: Your large and strong wings let you fly.
                  | [potion of mutation]
  6989 | D:6      | Lost mutation: You occasionally lose the ability to read
                  | scrolls when taking damage. [potion of mutation]
  6989 | D:6      | Lost mutation: Your large and strong wings let you fly.
                  | [potion of mutation]
  6989 | D:6      | Gained mutation: You occasionally lose the ability to read
                  | scrolls when taking damage. [potion of mutation]
  6989 | D:6      | Gained mutation: Your mind is acute. (Int +4, Str/Dex -1)
                  | [potion of mutation]
  6989 | D:6      | Gained mutation: Your spells are a little easier to cast,
                  | but a little less powerful. [potion of mutation]
  6989 | D:6      | Lost mutation: Your spells are a little easier to cast, but
                  | a little less powerful. [potion of mutation]
  7150 | D:7      | Found a flagged portal.
  7162 | Bailey   | Entered a bailey
  7393 | Bailey   | Reached skill level 9 in Earth Magic
  7614 | Bailey   | Found an iron altar of Okawaru.
  7614 | Bailey   | Noticed an orc high priest
  7614 | Bailey   | Noticed a kobold demonologist
  7618 | Bailey   | Noticed an orange demon
  8089 | D:7      | Reached XP level 10. HP: 50/50 MP: 21/21
  8135 | D:7      | Found a bloodstained altar of Trog.
  8301 | D:8      | Reached skill level 10 in Earth Magic
  8512 | D:8      | Found a stormy altar of Qazlal.
  9432 | D:8      | Found a radiant altar of Vehumet.
  9437 | D:8      | Found a basalt altar of Yredelemnul.
  9442 | D:8      | Found a white marble altar of Elyvilon.
  9447 | D:8      | Became a worshipper of Yredelemnul the Dark
  9888 | D:9      | Reached * piety under Yredelemnul
 10113 | D:9      | Reached skill level 5 in Dodging
 10492 | D:9      | Reached skill level 5 in Conjurations
 10789 | D:9      | Killed an unseen horror
 10877 | D:9      | Reached skill level 11 in Earth Magic
 11126 | D:10     | Entered Level 10 of the Dungeon
 11126 | D:10     | Noticed a two-headed ogre
 11126 | D:10     | Found Waduvew's Magic Scroll Emporium.
 11141 | D:10     | Killed a two-headed ogre
 11142 | D:10     | Reached XP level 11. HP: 29/54 MP: 17/23
 11157 | D:10     | Noticed a two-headed ogre
 11163 | D:10     | Noticed a two-headed ogre
 11165 | D:10     | Killed a two-headed ogre
 11184 | D:10     | Killed a two-headed ogre
 11336 | D:10     | Found a sparkling altar of Nemelex Xobeh.
 11459 | D:10     | Found a staircase to the Orcish Mines.
 11504 | D:10     | Reached ** piety under Yredelemnul
 11830 | D:10     | Identified the +2 quarterstaff of the Majestic God {vorpal,
                  | rElec rF+ Dex+3}
 11837 | D:10     | Reached *** piety under Yredelemnul
 11855 | D:10     | Reached skill level 12 in Earth Magic
 11895 | D:10     | Noticed an ogre mage
 11932 | D:10     | Killed an ogre mage
 12407 | D:11     | Noticed an oklob plant
 12717 | D:11     | Found a staircase to the Lair.
 12781 | D:11     | Noticed a boulder beetle
 12798 | D:11     | Killed a boulder beetle
 12806 | D:11     | Learned a level 6 spell: Iron Shot
 12993 | D:11     | Noticed a boulder beetle
 13070 | D:11     | Killed a boulder beetle
 13187 | D:11     | Reached XP level 12. HP: 59/59 MP: 25/25
 13348 | D:11     | Noticed a two-headed ogre
 13351 | D:11     | Killed a two-headed ogre
 13351 | D:11     | Reached **** piety under Yredelemnul
 13352 | D:11     | Reached skill level 10 in Spellcasting
 13514 | D:11     | Reached skill level 13 in Earth Magic
 13624 | D:11     | Identified the +1 pair of gloves "Gochateu" {rElec Stlth+}
 14916 | D:12     | Reached ***** piety under Yredelemnul
 15569 | D:13     | Noticed a +0 spear
 15570 | D:13     | Noticed a +0 short sword
 15570 | D:13     | Noticed a +0 short sword
 15572 | D:13     | Noticed a +0 dagger
 15573 | D:13     | Noticed a +0 dagger
 15574 | D:13     | Noticed a +0 spear
 15582 | D:13     | Found a hide-covered altar of Uskayaw.
 15582 | D:13     | Noticed a boulder beetle
 15644 | D:13     | Killed a boulder beetle
 15948 | D:13     | Reached skill level 14 in Earth Magic
 16472 | Lair:1   | Entered Level 1 of the Lair of Beasts
 16617 | Lair:1   | Reached XP level 13. HP: 40/63 MP: 23/28
 16618 | Lair:1   | Reached ****** piety under Yredelemnul
 17015 | Lair:1   | Lost mutation: You occasionally lose the ability to read
                  | scrolls when taking damage. [potion of mutation]
 17015 | Lair:1   | Lost mutation: Your mind is acute. (Int +4, Str/Dex -1)
                  | [potion of mutation]
 17015 | Lair:1   | Gained mutation: Your body sometimes deteriorates upon
                  | taking damage. [potion of mutation]
 17015 | Lair:1   | Gained mutation: You sometimes lose your temper in combat.
                  | [potion of mutation]
 17015 | Lair:1   | Gained mutation: You are strong-willed. (Will+) [potion of
                  | mutation]
 17913 | Lair:2   | Noticed Urug
 17914 | Lair:2   | Reached skill level 15 in Earth Magic
 17935 | Lair:2   | Killed Urug
 18389 | Lair:2   | Your ally Urug died
 18927 | Lair:2   | Found a staircase to the Shoals.
 19403 | Lair:2   | Upgraded the game from 0.30-a0-279-g4b46babb21 to
                  | 0.30-a0-292-g0f741e3f8e
 19416 | Lair:2   | Reached skill level 16 in Earth Magic
 19884 | Lair:2   | HP: 2/63 [elephant (8)]
 20434 | D:13     | Slain by a red ugly thing

Illustrated notes

Levels and vault maps discovered:
D:1:      saegor_arrival_simple_a, layout_basic
D:2:      layout_basic, minmay_misc_feat_square
D:3:      minmay_skewed_foursquare, layout_basic, serial_shops,
          nicolae_shop_advertising_works [nicolae_subvault_shop_adworks], shop,
          nicolae_shop_overgrown_old_shop, shop
D:4:      layout_layer_cave, mainiacjoe_overflow_concentric_impassable,
          temple_green, gammafunk_ghost_grave, minmay_crossroads
D:5:      layout_layer_cave
D:6:      layout_rooms, serial_shops, nicolae_shop_competitors_out_of_business,
          grunt_ministairs_14
D:7:      layout_rooms, mainiacjoe_overflow_alcove_1, enter_bailey_2
D:8:      layout_basic, nicolae_qazlal_general_emergency,
          minmay_overflow_temple_star_quad
D:9:      layout_roguey
D:10:     layout_basic, lemuel_coloured_pillars_altar, serial_shops, shop
D:11:     layout_loops_corners, dpeg_oklobed_lair
D:12:     layout_roguey [special_room_orc]
D:13:     layout_basic, hangedman_decor_slide_cut, nicolae_uskayaw_en_pointe
D:14:     layout_irregular_city, ximxim_vaults_locker_room,
          nicolae_wu_jian_immortal_techniques
Temple:   regret_index_temple_generic_petals
Lair:1:   layout_cave_shapes
Lair:2:   beast_lair_carwin_large_1, layout_regular_city,
          minmay_shoals_entry_hut, nicolae_lair_lakeside_cave,
          grunt_megastairs_2, uniq_urug
Lair:3:   layout_cave_pods, nicolae_spider_entry_orb_guardian, st_stairs_6,
          nzn_random_ring, uniq_amaemon

Skill      XL: |  1  2  3  4  5  6  7  8  9 10 11 12 13 |
---------------+----------------------------------------+-----
Earth Magic    | 4 5 7 8 9 11 12 14 16 | 16.2
Dodging        | 2 3 4 5 6 |  6.4
Stealth        | 3 4 5 6 8 9 |  9.3
Spellcasting   | 3 4 5 6 7 8 9 11 12 | 12.7
Conjurations   | 2 4 5 6 8 9 |  9.8
Transmutations | |  0.7

Action                   |  1- 3 |  4- 6 |  7- 9 | 10-12 | 13-15 || total
-------------------------+-------+-------+-------+-------+-------++-------
Melee: Short sword       |     5 |       |       |       |       ||     5
       Whip              |     6 |     7 |     4 |       |       ||    17
       Rapier            |       |       |       |    16 |     1 ||    17
       Punch             |       |       |       |     1 |       ||     1
       Quarterstaff      |       |       |       |    25 |    14 ||    39
 Cast: Sandblast         |    61 |    76 |   110 |   144 |    43 ||   434
       Stone Arrow       |       |     5 |    58 |   142 |    49 ||   254
       Iron Shot         |       |       |       |    14 |    30 ||    44
  Use: Scroll            |     3 |     3 |     4 |     9 |     7 ||    26
       Potion            |       |     2 |     2 |     2 |     8 ||    14
 Stab: Sleeping          |     1 |       |       |       |       ||     1
       Distracted        |       |     1 |       |     1 |       ||     2
Armor: Robe              |     8 |    39 |    52 |    79 |    65 ||   243
Dodge: Dodged            |    15 |    49 |   104 |   153 |   106 ||   427
       Repelled          |       |       |     1 |     2 |     1 ||     4

Table legend: (Time is in decaauts)
 A = Elapsed time spent in this place.
 B = Non-inter-level travel time spent in this place.
 C = Inter-level travel time spent in this place.
 D = Time resting spent in this place.
 E = Time spent auto-exploring this place.
 F = Levels seen in this place.
 G = Mean time per level.
                   A        B        C        D        E       F      G
               +--------+--------+--------+--------+--------+-----+--------+
         Total |  20688 |  19991 |    697 |   2835 |  14177 |  19 | 1088.8 |
       Dungeon |  16357 |  15842 |    515 |   2310 |  11181 |  14 | 1168.4 |
        Temple |    216 |    195 |     21 |      0 |    187 |   1 |  216.0 |
          Lair |   3647 |   3486 |    161 |    501 |   2428 |   3 | 1215.7 |
        Bailey |    466 |    466 |      0 |     24 |    380 |   1 |  466.0 |
               +--------+--------+--------+--------+--------+-----+--------+

Top non-repeatable levels by time:
  Lair:2: 2153 daAuts
     D:4: 1733 daAuts
    D:11: 1728 daAuts
    D:12: 1509 daAuts
  Lair:1: 1491 daAuts
     D:9: 1411 daAuts
     D:3: 1327 daAuts
     D:8: 1303 daAuts
    D:10: 1294 daAuts
     D:5: 1266 daAuts
    D:13: 1141 daAuts
     D:6: 1039 daAuts
     D:7: 963 daAuts
     D:1: 821 daAuts
     D:2: 729 daAuts
